 Dungeon Crawl Stone Soup version 0.29-a0-97-g88c9fad16d (webtiles) character file.

Game seed: 5719132851333562942

32 Nelsoonmonsoon the Cudgeller (level 3, 0/23 HPs)
             Began as a Tengu Berserker on Feb 13, 2022.
             Was a Believer of Trog.
             Succumbed to an adder's poison
             ... on level 2 of the Dungeon.
             The game lasted 00:02:01 (936 turns).

Nelsoonmonsoon the Cudgeller (Tengu Berserker)       Turns: 936, Time: 00:02:02

Health: 0/23       AC:  6    Str: 19    XL:     3   Next: 27%
Magic:  4/4        EV: 10    Int:  7    God:    Trog [**....]
Gold:   28         SH:  0    Dex: 13    Spells: 2/2 levels left

rFire   . . .      SeeInvis .   a - +0 mace
rCold   . . .      Faith    .   (no shield)
rNeg    . . .      Spirit   .   c - +0 scale mail
rPois   .          Reflect  .   (helmet restricted)
rElec   .          Harm     .   (no cloak)
rCorr   .          Rampage  .   (no gloves)
Will    .....                   (boots unavailable)
Stlth   ..........              (no amulet)
HPRegen 0.07/turn               (no ring)
MPRegen 0.09/turn               (no ring)

@: lethally poisoned (0 -> -1), hasted, very quick
A: beak, talons 3
a: Renounce Religion, Berserk, Trog's Hand


You were on level 2 of the Dungeon.
You worshipped Trog.
Trog was pleased with you.
You visited 1 branch of the dungeon, and saw 2 of its levels.

You collected 28 gold pieces.

Inventory:

Hand Weapons
 a - a +0 mace (weapon)
Missiles
 g - 50 stones (quivered)
Armour
 b - a +0 animal skin
 c - a +0 scale mail (worn)
Scrolls
 d - a scroll of identify {unknown}
 e - a scroll of torment {unknown}


   Skills:
 + Level 3.3 Fighting
 + Level 3.6 Maces & Flails
 + Level 2.7 Armour
 + Level 2.7 Dodging


You had 2 spell levels left.
You didn't know any spells.
Your spell library was empty.

Dungeon Overview and Level Annotations

Branches:
Dungeon (2/15)

Altars:


Innate Abilities, Weirdness & Mutations

You have a beak for a mouth.
You have claws for feet.


Message History

You barely miss the adder. The adder closely misses you. The adder bites you.
You miss the adder. You claw the adder, but do no damage.
The adder bites you but does no damage. x2
You hit the adder. Your kick misses the adder.
The adder is heavily wounded.
The adder bites you but does no damage.
You barely miss the adder. You peck the adder.
The adder is almost dead.
The adder bites you but does no damage. x2
You miss the adder. Your kick misses the adder. Your punch misses the adder.
The adder is severely wounded.
The adder barely misses you.
You barely miss the adder.
The adder is severely wounded.
The adder bites you.
You are poisoned.
The adder poisons you! The adder bites you but does no damage.
You miss the adder. Your kick misses the adder. Your peck misses the adder.
The adder is severely wounded.
You feel sick. The adder bites you.
* * * LOW HITPOINT WARNING * * *
The adder bites you but does no damage.
You hit the adder.
You kill the adder!
Trog accepts your kill.
* * * LOW HITPOINT WARNING * * *
You feel sick.
It was a potion of magic.
Magic courses through your body.
* * * LOW HITPOINT WARNING * * *
You feel sick.
Unknown command.
It was a potion of haste.
You feel yourself speed up.
* * * LOW HITPOINT WARNING * * *
You feel sick.
Unknown command.
There is a lethal amount of poison in your body!
There is a lethal amount of poison in your body!
* * * LOW HITPOINT WARNING * * *
You feel sick.
You die...

..< .# ... .#
... .# #.# .#
#.# #.# .#
#.# #.# .#
#.# #.#
####.# #.#
#<# #..@.#
#.# ###.###
#.#### #.#
#.....#
#.######.##
#.....##
#.........#
#.<.....
########..#
#.......
#..###.....##
#........###
##.#######
#.#


There were no monsters in sight!

Vanquished Creatures
  An adder (D:2)
  A ball python (D:1)
  2 bats (D:1)
  2 endoplasms (D:1)
  4 goblins (D:1)
  A hobgoblin (D:1)
  2 quokkas (D:1)
  4 frilled lizards (D:1)
  2 kobolds (D:1)
  5 rats (D:1)
24 creatures vanquished.

Notes
Turn   | Place    | Note
-------+----------+-------------------------------------------
     0 | D:1      | Nelsoonmonsoon the Tengu Berserker began the quest for the
                  | Orb.
     0 | D:1      | Reached XP level 1. HP: 14/14 MP: 2/2
     6 | D:1      | Noticed a swamp worm
     6 | D:1      | Noticed a snapping turtle
     6 | D:1      | Noticed a black mamba
     6 | D:1      | Noticed a swamp drake
    59 | D:1      | Reached XP level 2. HP: 16/19 MP: 3/3
   590 | D:1      | Reached ** piety under Trog
   600 | D:1      | Reached XP level 3. HP: 22/23 MP: 4/4
   935 | D:2      | HP: 1/23 [poisoned by an adder]
   936 | D:2      | Succumbed to an adder's poison

Illustrated notes

Levels and vault maps discovered:
D:1:      onia_arrival_zoo_common, layout_basic, shapermc_ecumenical_altar_petra
D:2:      layout_loops_ring, basic_altar, uniq_terence, uniq_robin

Action                   || total
-------------------------++-------
Melee: Mace              ||    49
       Kick              ||    10
       Peck              ||     3
  Use: Potion            ||     2
Armor: Animal skin       ||     1
       Scale mail        ||    18
Dodge: Dodged            ||    24

Table legend: (Time is in decaauts)
 A = Elapsed time spent in this place.
 B = Non-inter-level travel time spent in this place.
 C = Inter-level travel time spent in this place.
 D = Time resting spent in this place.
 E = Time spent auto-exploring this place.
 F = Levels seen in this place.
 G = Mean time per level.
                   A        B        C        D        E       F      G
               +--------+--------+--------+--------+--------+-----+--------+
         Total |    946 |    903 |     43 |      0 |    683 |   2 |  473.0 |
       Dungeon |    946 |    903 |     43 |      0 |    683 |   2 |  473.0 |
               +--------+--------+--------+--------+--------+-----+--------+

Top non-repeatable levels by time:
     D:1: 906 daAuts
     D:2: 40 daAuts
